 Dungeon Crawl Stone Soup version 0.31.0-12-g77e489cdc1 (webtiles) character file.

Game seed: 9507672713490418443

123 Gadfly the Covered (level 4, -4/38 HPs)
             Began as an Armataur Fighter on Feb 28, 2024.
             Slain by Crazy Yiuf
             ... wielding a +3 quarterstaff of chaos
              (8 damage)
             ... on level 3 of the Dungeon.
             The game lasted 00:03:31 (2559 turns).

Gadfly the Covered (Armataur Fighter)               Turns: 2559, Time: 00:03:32

Health: -4/38      AC:  7    Str: 22    XL:     4   Next: 79%
Magic:  5/5        EV:  7    Int:  8    God:
Gold:   172        SH:  4    Dex: 11    Spells: 3/3 levels left

rFire   . . .        b - +0 morningstar
rCold   . . .        c - +0 buckler
rNeg    . . .        n - +0 scale mail
rPois   .            (no helmet)
rElec   .            (no cloak)
rCorr   .            (no gloves)
SInv    .            (no barding)
Will    .....        (no amulet) Stlth
                     (no ring)
HPRegen 0.26/turn    (no ring)
MPRegen 0.09/turn

%: roll
@: lethally poisoned (-4 -> -14), slowed, very slow
A: large, deformed body, tough skin 3, armoured tail, roll 1
a: no special abilities


You were on level 3 of the Dungeon.
You visited 1 branch of the dungeon, and saw 3 of its levels.

You collected 172 gold pieces.

Inventory:

Hand Weapons
 a - a +0 flail
 b - a +0 morningstar (weapon)
Armour
 c - a +0 buckler (worn)
 n - a +0 scale mail (worn)
Jewellery
 i - a ring of protection from fire
 m - a +5 ring of evasion
Wands
 k - a wand of charming (8) (quivered)
Scrolls
 h - a scroll of teleportation
Potions
 d - a potion of might
 e - a potion of mutation {unknown}
 f - a potion of curing
 g - a potion of lignification {unknown}
 j - a potion of magic
 l - a potion of berserk rage


   Skills:
 + Level 3.1 Fighting
 * Level 2.7 Maces & Flails
 + Level 4.1 Armour
 + Level 3.6 Shields
 * Level 1.7 Invocations
 * Level 1.8 Evocations


You had 3 spell levels left.
You didn't know any spells.
Your spell library contained the following spells:

 Spells                   Type           Power      Damage    Failure   Level
 Sandblast                Erth           0%         2d4       80%         1
 Passwall                 Erth           0%         N/A       99%         3
 Stone Arrow              Conj/Erth      0%         3d7       99%         3
 Brom's Barrelling Bould  Conj/Erth      0%         2d3       100%        4
 Vhi's Electric Charge    Tloc/Air       0%         N/A       100%        4
 Arcjolt                  Conj/Air       0%         1d10      100%        5
 Maxwell's Capacitive Co  Air            0%         ∞         100%        8


Dungeon Overview and Level Annotations

Branches:
Dungeon (3/15)

Altars:
Uskayaw

Annotations:
D:3 Crazy Yiuf


Innate Abilities, Weirdness & Mutations

Armour fits poorly on your strangely shaped body.
You have extremely tough skin. (AC +3)
You have a long armoured tail.
You regenerate magic when rolling toward enemies. (Rampage MPRegen)


Message History

You closely miss the orc.
Your tail-slap misses the orc.
The orc is severely wounded.
The orc hits you but does no damage. The orc hits you with a +0 morningstar.
An orc is nearby!
You closely miss the orc. You tail-slap the orc.
You kill the orc!
No target in view!
Things that are here:
a +0 morningstar; a +0 ring mail; an orc corpse
n - a +0 morningstar Adjust to which letter? (? for menu, Esc to quit)
b - a +0 morningstar;
n - a +0 scale mail (worn)
b - a +0 morningstar (weapon)
a - a +0 flail (weapon)
b - a +0 morningstar (weapon)
You see here a +0 club.
You open the door.
Found an escape hatch in the ceiling.
There is an open door here.
There is an open door here.
You see here a +0 club.
There is a stone staircase leading up here.
There is an escape hatch in the floor here.
Crazy Yiuf twirls on the spot.
Could not explore, unopened runed door.
Could not explore, unopened runed door.
No reachable target in view!
As you open the door, it creaks loudly!
You hit Crazy Yiuf but do no damage.
Crazy Yiuf hits you with a +3 quarterstaff of chaos!
You feel yourself slow down.
Crazy Yiuf hits you with a +3 quarterstaff of chaos.
You are poisoned.
You barely miss Crazy Yiuf.
* * * LOW HITPOINT WARNING * * *
You feel extremely sick.
Crazy Yiuf hits you with a +3 quarterstaff of chaos!
* * * LOW HITPOINT WARNING * * *
You are electrocuted!
You die...

#......>...........#####
#####.################......
#.........# ####....
#..÷####### ##....### #...#
#..#### #...# #######.##
#...# ### ###.#......# #...#
#...##..#.......# #...#
#...g@####......# #...#
#)..### ##....## #^..# ###
###### #####


You could see Crazy Yiuf.

Vanquished Creatures
  3 gnolls (D:3)
  2 adders (D:2)
  5 dart slugs
  A ribbon worm (D:2)
  2 orcs (D:3)
  8 ball pythons
  5 endoplasms
  2 giant cockroaches
  2 goblins (D:3)
  3 hobgoblins
  5 jackals
  2 quokkas
  8 bats
  5 frilled lizards
  4 kobolds
  5 rats
62 creatures vanquished.

Notes
Turn   | Place    | Note
-------+----------+-------------------------------------------
     0 | D:1      | Gadfly the Armataur Fighter began the quest for the Orb.
     0 | D:1      | Reached XP level 1. HP: 18/18 MP: 1/1
   182 | D:1      | Reached XP level 2. HP: 25/25 MP: 2/2
   673 | D:1      | Reached skill level 1 in Invocations
   673 | D:1      | Reached skill level 1 in Evocations
   889 | D:2      | Reached XP level 3. HP: 30/30 MP: 3/3
  1114 | D:2      | Reached skill level 4 in Armour
  1353 | D:2      | Reached XP level 4. HP: 36/37 MP: 5/5
  2018 | D:3      | Found a hide-covered altar of Uskayaw.
  2216 | D:3      | Found a runed translucent door.
  2217 | D:3      | Noticed Crazy Yiuf
  2291 | D:3      | Found a faded altar of an unknown god.
  2559 | D:3      | Slain by Crazy Yiuf

Illustrated notes

Levels and vault maps discovered:
D:1:      minmay_arrival_diagonal_passages, layout_loops_ring
D:2:      layout_basic
D:3:      layout_rooms, amcnicky_altar_gilded,
          shapermc_ecumenical_altar_notcrosses, grunt_ministairs_4,
          hangedman_abyss_or_decor_stabs, uniq_crazy_yiuf_cottage

Skill      XL: |  1  2  3  4 |
---------------+-------------+-----
Maces & Flails | 2 |  2.7
Invocations    | 1 |  1.7
Evocations     | 1 |  1.8
Armour         | 4 |  4.1
Fighting       | 3 |  3.1
Shields        | |  3.6

Action                     |  1- 3 |  4- 6 || total
---------------------------+-------+-------++-------
  Melee: Flail             |   110 |    64 ||   174
         Tailslap          |    13 |    12 ||    25
         Morningstar       |       |     2 ||     2
    Use: Scroll            |     8 |     1 ||     9
 Armour: Scale mail        |    98 |    56 ||   154
  Dodge: Dodged            |    42 |    19 ||    61
  Block: Buckler           |    29 |    11 ||    40
